 Dungeon Crawl Stone Soup version 0.28.0-49-g6dfe1f597d (webtiles) character file.

Game seed: 14091536259563133687

117 Descartes the Grasshopper (level 5, -1/38 HPs)
             Began as a Formicid Warper on May 15, 2022.
             Succumbed to Sigmund's poison
             ... on level 2 of the Dungeon.
             The game lasted 00:06:15 (3404 turns).

Descartes the Grasshopper (Formicid Warper)         Turns: 3404, Time: 00:06:15

Health: -1/38      AC:  3    Str: 18    XL:     5   Next: 22%
Magic:  3/8        EV: 11    Int: 12    God:
Gold:   119        SH:  0    Dex: 10    Spells: 8/8 levels left

rFire   . . .      SeeInvis +   a - +0 hand axe
rCold   . . .      Faith    .   (no shield)
rNeg    . . .      Spirit   +   b - +0 leather armour
rPois   .          Reflect  .   (helmet unavailable)
rElec   .          Harm     .   (no cloak)
rCorr   .          Rampage  .   (no gloves)
Will    .....                   (no boots)
Stlth   +.........              g - amulet of guardian spirit
HPRegen 0.12/turn               (no ring)
MPRegen 0.11/turn               (no ring)

@: lethally poisoned (-1 -> -17)
A: permanent stasis, dig shafts and tunnels, antennae 3, four strong arms
a: Dig, Shaft Self


You were on level 2 of the Dungeon.
You visited 1 branch of the dungeon, and saw 2 of its levels.

You collected 119 gold pieces.

Inventory:

Hand Weapons
 a - a +0 hand axe (weapon)
Missiles
 c - 5 boomerangs of dispersal (quivered)
 h - 43 arrows
 j - 26 stones
 k - 5 silver javelins
 l - 16 bolts
 n - 5 boomerangs
Armour
 b - a +0 leather armour (worn)
Jewellery
 g - an amulet of guardian spirit (around neck)
Wands
 o - a wand of digging (6)
 q - a wand of acid (4)
Scrolls
 e - a scroll of enchant armour {unknown}
 i - a scroll of amnesia
Potions
 d - 2 potions of curing {unknown}
 f - a potion of attraction {unknown}
 m - a potion of heal wounds {unknown}
 p - a potion of might {unknown}


   Skills:
 - Level 2.1 Fighting
 + Level 2.7(2.9) Axes
 + Level 1.2(2.2) Maces & Flails
 - Level 1.0 Throwing
 + Level 2.2 Armour
 - Level 1.7 Dodging
 + Level 1.9 Shields
 - Level 2.1 Spellcasting
 + Level 3.2 Translocations
 + Level 1.8 Evocations


You had 8 spell levels left.
You didn't know any spells.
Your spell library contained the following spells:

 Spells                   Type           Power      Damage    Failure   Level
 Gell's Gravitas          Tloc           9%         N/A       26%         3
 Lesser Beckoning         Tloc           9%         N/A       26%         3
 Teleport Other           Tloc           9%         N/A       26%         3
 Magic Dart               Conj           4%         1d3       32%         1
 Searing Ray              Conj           2%         2d4       43%         2
 Conjure Flame            Conj/Fire      1%         6-21      67%         3
 Ignite Poison            Fire/Tmut/Pois 1%         N/A       67%         3
 Manifold Assault         Tloc           9%         N/A       93%         5
 Fulminant Prism          Conj/Hex       0%         3d6       97%         4
 Sticky Flame             Conj/Fire      1%         2d3       97%         4
 Blink                    Tloc           Unusable   N/A       N/A         2

Dungeon Overview and Level Annotations

Branches:
Dungeon (2/15)

Altars:
Qazlal

Shops:
D:2 (

Annotations:
D:2 Sigmund


Innate Abilities, Weirdness & Mutations

You cannot be hasted, slowed, berserked, paralysed or teleported.
You can dig through walls and to a lower floor.
You have a pair of large antennae on your head. (SInv)
Your four strong arms can wield two-handed weapons with a shield.


Message History

Sigmund is moderately wounded.
Sigmund closely misses you.
You barely miss Sigmund.
Sigmund is moderately wounded.
Sigmund hits you but does no damage.
You are poisoned.
You barely miss Sigmund.
Sigmund is moderately wounded.
You feel less confused.
You feel sick. Sigmund barely misses you.
You barely miss Sigmund.
Sigmund is moderately wounded.
You feel sick. Sigmund hits you but does no damage.
You are more poisoned.
You hit Sigmund.
Sigmund is heavily wounded.
You feel very sick.
Unknown command.
You hit Sigmund.
Sigmund is severely wounded.
You feel sick. Sigmund hits you but does no damage.
You are more poisoned.
You closely miss Sigmund.
Sigmund is severely wounded.
You feel very sick.
Sigmund hits you with a +0 scythe of venom!
You closely miss Sigmund.
Sigmund is severely wounded.
* * * LOW HITPOINT WARNING * * *
You feel very sick.
Sigmund hits you with a +0 scythe of venom.
* * * LOW HITPOINT WARNING * * *
You are more poisoned.
You slash Sigmund!
Sigmund is almost dead.
* * * LOW HITPOINT WARNING * * *
You feel very sick.
You closely miss Sigmund.
Sigmund is almost dead.
You die...

#...........#.#######..#......
#########.###.##.# #..#......
#.....##.#......# #..#......
#.###.##.#.#.##.# #........#
#.# #.##.....##.# ##.###....
#.###.####...##.# #.#<.....
#.....##.....##.# ##.#......
####.........#..####..##.@...
#.####...@................
#.......#@.♣♣♣♣♣♣..##.##..
#########..♣÷♣ .♣♣....##..
#.......#####P.♣♣..###..
#.#####.#...#@..♣♣......
#.#.....♣...#....♣♣.###.
#.#.##..'.8.'...._♣.....
#.#.##..♣...#....♣♣@.#..
####'#.##).#...#...♣♣.....#


You could see Sigmund (corroded).

Vanquished Creatures
  Jessica (D:2)
  Robin (D:1)
  2 adders (D:2)
  3 worms (D:2)
  2 dart slugs (D:2)
  5 endoplasms
  2 giant cockroaches
  11 goblins
  6 hobgoblins
  2 kobolds (D:1)
  A quokka (D:2)
  2 ball pythons (D:1)
  5 bats
  3 rats (D:1)
46 creatures vanquished.

Vanquished Creatures (others)
  15 plants (D:2)
15 creatures vanquished.

Grand Total: 61 creatures vanquished

Notes
Turn   | Place    | Note
-------+----------+-------------------------------------------
     0 | D:1      | Descartes the Formicid Warper began the quest for the Orb.
     0 | D:1      | Reached XP level 1. HP: 16/16 MP: 3/3
   355 | D:1      | Reached XP level 2. HP: 22/22 MP: 5/5
   641 | D:1      | Reached skill level 1 in Shields
   676 | D:1      | You fall into a shaft and drop 1 floor!
   682 | D:2      | Found Xattalud's Antique Weapon Boutique.
   850 | D:2      | Reached XP level 3. HP: 5/27 MP: 1/6
  1335 | D:2      | Noticed Robin
  1476 | D:1      | Reached skill level 1 in Evocations
  1655 | D:1      | Reached skill level 3 in Translocations
  1666 | D:1      | Killed Robin
  1920 | D:2      | Reached XP level 4. HP: 21/33 MP: 5/7
  2031 | D:2      | Found a stormy altar of Qazlal.
  2365 | D:2      | Reached skill level 1 in Maces & Flails
  2483 | D:2      | Noticed Sigmund
  2871 | D:2      | Noticed Jessica
  2879 | D:2      | Killed Jessica
  2880 | D:2      | Reached XP level 5. HP: 25/38 MP: 4/8
  3371 | D:2      | Found a faded altar of an unknown god.
  3404 | D:2      | Succumbed to Sigmund's poison

Illustrated notes

Levels and vault maps discovered:
D:1:      lightli_arrival_lavapool, layout_loops_ring, minmay_cut_off
D:2:      minmay_angry_zag, layout_basic, basic_altar, serial_shops,
          nicolae_shop_statue_plus, dilly_ecumenical_altar_fadedgnrine,
          minmay_tiny_reverse_x, uniq_robin, uniq_sigmund, uniq_jessica

Skill      XL: |  1  2  3  4 |
---------------+-------------+-----
Shields        | 1 |  1.9
Evocations     | 1 |  1.8
Translocations | 3 |  3.2
Armour         | 2 |  2.2
Maces & Flails | 1 |  1.2
Fighting       | |  2.1
Axes           | |  2.7
Throwing       | |  1.0
Dodging        | |  1.7
Spellcasting   | |  2.1

Action                   |  1- 3 |  4- 6 || total
-------------------------+-------+-------++-------
Melee: Hand axe          |    95 |   100 ||   195
       Punch             |     3 |     1 ||     4
Evoke: Wand              |       |     2 ||     2
  Use: Scroll            |       |     2 ||     2
Armor: Leather armour    |    23 |    43 ||    66
Dodge: Dodged            |    59 |    67 ||   126
